 Dungeon Crawl Stone Soup version 0.29.1-1-gd02db6906a (webtiles) character file.

Game seed: 4824525001219126058

356318 tardwrangler69 the Slayer (level 21, -3/216 HPs)
             Began as a Minotaur Hunter on Oct 17, 2022.
             Was a High Priest of Okawaru.
             Killed from afar by a hell knight (14 damage)
             ... with a bolt of fire
             ... on level 5 of the Vaults.
             The game lasted 01:19:30 (61978 turns).

tardwrangler69 the Slayer (Minotaur Hunter)        Turns: 61978, Time: 01:19:31

Health: -3/216     AC: 26    Str: 17    XL:     21   Next: 39%
Magic:  36/36      EV: 31    Int:  6    God:    Okawaru [*****.]
Gold:   2041       SH:  0    Dex: 29    Spells: 20/20 levels left

rFire   + . .      SeeInvis .   V - +1 arbalest (vorpal)
rCold   + . .      Faith    +   (shield currently unavailable)
rNeg    . . .      Spirit   .   Y - +7 scale mail "Tusch" {Will+ Dex+5}
rPois   +          Reflect  .   S - +1 hat
rElec   +          Harm     .   F - +1 cloak of Starlight {*Dazzle EV+4 Stlth--}
rCorr   +          Rampage  .   G - +2 pair of gloves
Will    ++...                   R - +0 pair of boots of Dogmatism {Will- MP+9 Slay+6 Stlth+}
Stlth   ..........              s - amulet of faith
HPRegen 0.46/turn               f - +4 ring of evasion
MPRegen 0.25/turn               g - ring of willpower

@: mighty, about to teleport, resistant, studying Ranged Weapons
A: horns 2, retaliatory headbutt
}: 2/15 runes: serpentine, barnacled
a: Renounce Religion, Heroism, Finesse, Duel


You were on level 5 of the Vaults.
You worshipped Okawaru.
Okawaru was extremely pleased with you.
You visited 7 branches of the dungeon, and saw 36 of its levels.
You visited the Abyss 1 time.

You collected 5402 gold pieces.
You spent 3361 gold pieces at shops.

Inventory:

Hand Weapons
 K - the +7 captain's cutlass {speed, disarm}
   (You found it on level 4 of the Shoals)

   Attacks with this weapon are significantly faster.
   It may disarm weapon-wielding foes when striking them, dealing extra damage
   in the process.
 V - a +1 vorpal arbalest (weapon)
 W - a +9 triple sword of electrocution
 X - a +2 vampiric great sword
 Z - a +1 great sword of holy wrath
Armour
 i - the +10 plate armour of Defence {rPois}
   (Okawaru gifted it to you on level 2 of the Orcish Mines)

   rPois:     It protects you from poison.
 F - the +1 cloak of Starlight (worn) {*Dazzle EV+4 Stlth--}
   (You bought it in a shop on level 3 of the Shoals)

   It may blind those who miss an attack against the wearer in melee combat.
   EV:        It affects your evasion (+4).
   Stlth:     It makes you much less stealthy.
 G - a +2 pair of gloves (worn)
 R - the +0 pair of boots of Dogmatism (worn) {Will- MP+9 Slay+6 Stlth+}
   (Okawaru gifted it to you on level 11 of the Dungeon)

   Slay:      It affects your accuracy & damage with ranged weapons and melee
   (+6).
   MP:        It affects your magic capacity (+9).
   Will:      It decreases your willpower.
   Stlth:     It makes you more stealthy.
 S - a +1 hat (worn)
 Y - the +7 scale mail "Tusch" (worn) {Will+ Dex+5}
   (Okawaru gifted it to you on level 4 of the Shoals)

   Dex:       It affects your dexterity (+5).
   Will:      It increases your willpower.
Jewellery
 c - a ring of flight
 f - a +4 ring of evasion (left hand)
 g - a ring of willpower (right hand)
 r - the dreamshard necklace {*Dream Drain}
   (You found it on level 4 of the Shoals)

   [amulet of nothing]

   It shatters if its wearer takes lethal or near-lethal damage, preventing the
   blow and releasing protective dreams that heal and fight for the wearer.
   Drain:     It drains your maximum health when unequipped.
 s - an amulet of faith (around neck)
 y - a +4 ring of evasion
 A - a +4 ring of protection
 B - a ring of see invisible
 E - a ring of poison resistance
 L - an amulet of reflection
 N - the ring "Duor" {rN+ Int-5 Dex+3 Stlth+}
   (You found it on level 11 of the Dungeon)

   [ring of positive energy]

   Int:       It affects your intelligence (-5).
   Dex:       It affects your dexterity (+3).
   rN:        It protects you from negative energy.
   Stlth:     It makes you more stealthy.
 T - the necklace of Bloodlust {*Rage Will++ Int-3 Slay+6}
   (You found it on level 3 of the Lair of Beasts)

   [amulet of nothing]

   It extends the wearer's berserk rage when killing foes.
   Int:       It affects your intelligence (-3).
   Slay:      It affects your accuracy & damage with ranged weapons and melee
   (+6).
   *Rage:     It berserks you when you make melee attacks (+50% chance).
   Will:      It greatly increases your willpower.
Wands
 a - a wand of digging (18)
 P - a wand of paralysis (7)
Scrolls
 b - 10 scrolls of immolation
 d - 7 scrolls of poison
 e - 10 scrolls of teleportation
 h - 4 scrolls of torment
 m - 3 scrolls of amnesia
 n - a scroll of summoning
 o - 7 scrolls of identify
 q - 9 scrolls of magic mapping
 u - 4 scrolls of fear
 v - 2 scrolls of vulnerability
 w - 4 scrolls of blinking
 J - 2 scrolls of silence
 O - 6 scrolls of enchant armour
 Q - a scroll of brand weapon
Potions
 k - 4 potions of attraction
 p - 3 potions of cancellation
 x - 8 potions of flight
 z - 8 potions of mutation
 C - a potion of resistance
 D - 5 potions of lignification
 U - 3 potions of might


   Skills:
 + Level 24.9 Fighting
 - Level 7.2(16.6) Short Blades
 + Level 24.7(25.1) Long Blades
 - Level 20.0 Ranged Weapons
 - Level 16.3 Armour
 - Level 15.1 Dodging
 - Level 0.7 Stealth
 - Level 10.0 Invocations


You had 20 spell levels left.
You didn't know any spells.
Your spell library contained the following spells:

 Spells                   Type           Power      Damage    Failure   Level
 Foxfire                  Conj/Fire      0%         2x1d4     75%         1
 Freeze                   Ice            0%         1d3       75%         1
 Necrotise                Necr           0%         1d4       75%         1
 Shock                    Conj/Air       0%         1d3       75%         1
 Slow                     Hex            0%         N/A       75%         1
 Ensorcelled Hibernation  Hex/Ice        0%         N/A       86%         2
 Sublimation of Blood     Necr           0%         N/A       86%         2
 Wereblood                Tmut           0%         N/A       86%         2
 Confusing Touch          Hex            0%         N/A       98%         3
 Conjure Flame            Conj/Fire      0%         6-21      98%         3
 Frozen Ramparts          Ice            0%         1d1       98%         3
 Ignite Poison            Fire/Tmut/Pois 0%         N/A       98%         3
 Inner Flame              Hex/Fire       0%         N/A       98%         3
 Mephitic Cloud           Conj/Pois/Air  0%         N/A       98%         3
 Ozocubu's Armour         Ice            0%         N/A       98%         3
 Portal Projectile        Hex/Tloc       0%         N/A       98%         3
 Spider Form              Tmut/Pois      0%         N/A       98%         3
 Swiftness                Air            0%         N/A       98%         3
 Vampiric Draining        Necr           0%         2d6       98%         3
 Airstrike                Air            0%         2d(0-16)  100%        4
 Anguish                  Hex/Necr       0%         N/A       100%        4
 Flame Wave               Conj/Fire      0%         2d4       100%        4
 Hailstorm                Conj/Ice       0%         3d3       100%        4
 Ice Form                 Ice/Tmut       0%         N/A       100%        4
 Leda's Liquefaction      Hex/Erth       0%         N/A       100%        4
 Sticky Flame             Conj/Fire      0%         2d3       100%        4
 Agony                    Necr           0%         N/A       100%        5
 Borgnjor's Vile Clutch   Necr/Erth      0%         N/A       100%        5
 Freezing Cloud           Conj/Ice/Air   0%         6-21      100%        5
 Metabolic Englaciation   Hex/Ice        0%         N/A       100%        5
 Dispersal                Tloc           0%         N/A       100%        6
 Orb of Destruction       Conj           0%         9d5       100%        7
 Storm Form               Tmut/Air       0%         N/A       100%        7
 Borgnjor's Revivificati  Necr           0%         N/A       100%        8
 Disjunction              Tloc           0%         N/A       100%        8
 Maxwell's Capacitive Co  Air            0%         ∞         100%        8
 Necromutation            Tmut/Necr      0%         N/A       100%        8
 Death's Door             Necr           0%         N/A       100%        9
 Call Canine Familiar     Summ           Unusable   N/A       N/A         3
 Summon Guardian Golem    Hex/Summ       Unusable   N/A       N/A         3
 Animate Dead             Necr           Unusable   N/A       N/A         4
 Summon Lightning Spire   Summ/Air       Unusable   N/A       N/A         4
 Death Channel            Necr           Unusable   N/A       N/A         6
 Simulacrum               Ice/Necr       Unusable   N/A       N/A         6
 Haunt                    Necr/Summ      Unusable   N/A       N/A         7
 Spellforged Servitor     Conj/Summ      Unusable   N/A       N/A         7
 Summon Hydra             Summ           Unusable   N/A       N/A         7
 Infestation              Necr           Unusable   N/A       N/A         8

Dungeon Overview and Level Annotations

Branches:
Dungeon (15/15)            Temple (1/1) D:5            Lair (5/5) D:11
 Shoals (4/4) Lair:2        Snake (4/4) Lair:3        Slime (0/5) Lair:4
    Orc (2/2) D:12            Elf (0/3) Orc:2        Vaults (5/5) D:14
  Crypt (0/3) Vaults:2     Depths (0/4) D:15

Altars:
Ashenzari
Cheibriados
Dithmenos
Elyvilon
Fedhas
Gozag
Hepliaklqana
Kikubaaqudgha
Makhleb
Nemelex Xobeh
Okawaru
Qazlal
Ru
Sif Muna
Trog
Uskayaw
Vehumet
Wu Jian
Xom
Yredelemnul
Zin
The Shining One
Jiyva

Shops:
D:7 [   D:13 (   Orc:2 =(?*   Shoals:1 :   Shoals:3 *[*   Shoals:4 ?
Snake:1 :   Vaults:1 [[*   Vaults:2 !

Portals:
Pandemonium: Orc:2

Annotations:
D:10 4 transporters
Lair:1 1 runed translucent door, pdpol's ghost, journeyman SpHu
Lair:3 exclusion: oklob plant
Lair:5 exclusion: obsidian statue
Shoals:2 Roxanne
Shoals:3 3 runed translucent doors, Godmorgon's ghost, adept TeAE
Snake:1 2 transporters
Vaults:2 2 transporters, exclusion: obsidian statue


Innate Abilities, Weirdness & Mutations

You have a pair of horns on your head.
You reflexively headbutt those who attack you in melee.


Message History

You shoot a bolt. The bolt hits the hell knight!!!
You kill the hell knight!
Okawaru accepts your kill. Okawaru grants you armour!
Something appears at your feet!
You see here the +0 robe of Bitterness {rN+ Stlth+}.
You hear a shout!
You start resting.
You feel yourself slow down.
You feel your willpower return.
A hell knight comes into view.
It is wielding a +4 glaive and wearing a +2 chain mail of willpower.
Fire: V) +1 arbalest (vorpal)
Press: ? - help, Q - select action, (/) - cycle Shift-Dir - straight line, f - hell knight
Aim: a hell knight, wielding a +4 glaive and wearing a +2 chain mail of willpower (wandering, hasn't noticed you, 83% to hit)
You shoot a bolt. The hell knight shouts!
The bolt hits the hell knight!
The hell knight is lightly wounded.
You hear a deafening roar!
Fire: V) +1 arbalest (vorpal)
Press: ? - help, Q - select action, (/) - cycle Shift-Dir - straight line, f/p - hell knight
Aim: a hell knight, wielding a +4 glaive and wearing a +2 chain mail of willpower (lightly wounded, 83% to hit)
You shoot a bolt. The bolt hits the hell knight!
The hell knight is heavily wounded.
A hell knight comes into view. It is wielding a +0 broad axe.
Fire: V) +1 arbalest (vorpal)
Press: ? - help, Q - select action, (/) - cycle Shift-Dir - straight line, f/p - hell knight
Aim: a hell knight, wielding a +4 glaive and wearing a +2 chain mail of willpower (moderately wounded, 83% to hit)
You shoot a bolt.
The bolt completely misses the hell knight.
You hear a deafening roar!
A golden dragon comes into view.
You hear a shout!
As you read the scroll of teleportation, it crumbles to dust.
You feel strangely unstable. The golden dragon breathes fire at you.
The bolt of fire misses you.
The hell knight invokes the aid of its god against you.
The bolt of fire hits the hell knight.
The hell knight completely resists.
The bolt of fire hits you! You resist.
You die...

#..§.# #....#
#p...# #....#
#..).# #p...#
#....# #.)..#
#@†..# #....#
#..).#
......)...D....
####........###
.............
...............
###############


You could see a golden dragon (catching breath) and 2 hell knights.

Vanquished Creatures
  A dread lich (Vaults:5)
  Bai Suzhen (Snake:4)
  Vashnia (Snake:2)
  Nikola (Snake:2)
  A Hell Sentinel (Abyss:4)
  Zenata (Vaults:4)
  Jorgrun (Shoals:2)
  An Executioner (Abyss:3)
  5 tentacled starspawn
  A kraken (Shoals:1)
  Kirke (D:11)
  Gastronok (Lair:3)
  A sphinx (Vaults:4)
  A titan (Arena)
  A revenant (Vaults:2)
  Donald (Shoals:1)
  A tengu reaver (Vaults:1)
  17 nagarajas
  Ilsuiw (Arena)
  2 orc warlords
  A shard shrike simulacrum (Abyss:3)
  10 vault wardens
  Louise (Snake:2)
  A curse skull (Vaults:2)
  5 war gargoyles
  2 stone giants
  18 ironbound preservers
  5 very ugly things
  5 ironbound thunderhulks
  Nessos (Arena)
  13 dire elephants
  2 entropy weavers
  A red draconian (Arena)
  A lorocyproca (Abyss:3)
  4 crystal guardians
  A jiangshi (Arena)
  An ettin (Vaults:4)
  14 merfolk impalers
  17 yaktaur captains
  5 merfolk javelineers
  Josephine (Orc:1)
  29 vault guards
  4 salamander tyrants
  4 peacekeepers
  5 boulder beetles
  3 great orbs of eyes (Vaults:2)
  2 rakshasas
  9 anacondas
  3 demonspawn (Orc:2)
  6 hydras
  11 ironbound frosthearts
  2 catoblepae
  3 satyrs
  A death knight (Vaults:2)
  3 alligator snapping turtles
  4 merfolk avatars
  2 ogre magi
  19 centaur warriors
  18 naga warriors
  4 two-headed ogres
  4 merfolk aquamancers
  2 tengu warriors (D:15)
  Urug (Orc:1)
  A dancing weapon (Vaults:4)
  7 orc high priests
  A death yak (Lair:5)
  6 shock serpents
  2 thrashing horrors (Abyss:2)
  18 naga sharpshooters
  A fire crab (Lair:5)
  A wretched star (Abyss:2)
  Amaemon (Lair:1)
  2 hell knights (Vaults:5)
  A soul eater (Orc:2)
  3 salamander mystics
  3 large abominations
  2 sixfirhies (Abyss:3)
  3 spectral death yaks (Lair:5)
  20 sea snakes
  54 deep trolls
  A spectral anaconda (Lair:5)
  A flayed ghost (Vaults:5)
  2 glowing orange brains
  6 naga ritualists
  8 lindwurms
  3 phantasmal warriors
  2 deep elf pyromancers
  An orange crystal statue (D:15)
  A wolf spider (shapeshifter) (Vaults:1)
  4 necromancers
  11 ironbound convokers
  3 wizards
  5 harpies (Shoals:4)
  6 orc sorcerers (Orc:2)
  7 mana vipers
  6 orc knights
  9 fauns
  A mana viper (shapeshifter) (Vaults:5)
  30 ugly things
  8 cyclopes
  31 black mambas
  11 merfolk sirens
  3 guardian serpents
  18 manticores
  2 dire elephant zombies (Lair:5)
  22 salamanders
  6 elephants (Lair:5)
  6 water nymphs
  16 naga magi
  2 gargoyles
  19 vault sentinels
  13 cane toads
  6 smoke demons
  A kobold demonologist (D:12)
  4 orange demons
  An unseen horror (D:12)
  2 ice devils (D:12)
  18 komodo dragons
  4 efreet
  A demonic crawler (Abyss:3)
  A freezing wraith (D:14)
  36 yaktaurs
  3 rime drakes
  A hellwing (Abyss:3)
  A golden dragon simulacrum (Abyss:4)
  3 ancient zymes
  A red devil (Orc:2)
  A queen bee (shapeshifter) (D:15)
  33 merfolk
  5 trolls
  A polar bear (Lair:4)
  16 blink frogs
  3 wind drakes (Shoals:4)
  34 slime creatures
  17 dream sheep
  A spectral elephant (Lair:5)
  12 snapping turtles
  13 water elementals
  4 wraiths
  A shadow (D:9)
  38 yaks
  2 ynoxinuls (Abyss:3)
  The ghost of Orville the Sneak, an amateur TrBr (D:3)
  A spriggan (Lair:5)
  5 wyverns
  5 humans
  5 basilisks
  2 neqoxecs (Abyss:3)
  2 chaos spawn
  A redback (Vaults:4)
  5 steam dragons
  2 golden eyes (Abyss:2)
  The ghost of RascalDebosk the Magician, an amateur DjCj (D:3)
  A spectral cane toad (Lair:5)
  Menkaure (D:5)
  8 vampire mosquitoes
  2 acid dragons
  A warg (Orc:1)
  37 nagas
  12 water moccasins
  34 orc warriors
  3 sky beasts
  2 ice beasts
  A black bear (D:4)
  9 wolves (Lair:1)
  3 boggarts (D:14)
  7 ogres
  11 centaurs
  2 elephant skeletons (Lair:5)
  A phantom (D:6)
  4 kobold brigands
  6 bullfrogs
  A necrophage (D:4)
  A gnoll sergeant (D:8)
  2 scorpions
  4 small abominations
  15 wights
  An elephant simulacrum (Lair:5)
  7 killer bees
  The ghost of Ychaviel the Magician, a weakling OpHW (D:3)
  4 starcursed masses (Vaults:4)
  A lava snake (Snake:3)
  3 quasits
  5 jellies
  8 hounds
  33 orc priests
  2 iguanas
  3 gnoll boudas
  Ijyb (D:4)
  21 orc wizards
  31 gnolls
  8 adders
  5 shadow imps
  6 white imps
  4 ufetubi
  A dart slug (D:1)
  115 orcs
  6 bats
  9 endoplasms
  2 giant cockroaches
  11 hobgoblins
  4 jackals
  29 kobolds
  2 quokkas
  8 ball pythons
  2 frilled lizards (D:1)
  A goblin (D:1)
  2 rats
  A lurking horror (Abyss:3)
  A tentacle (Shoals:1)
1479 creatures vanquished.

Vanquished Creatures (others)
  A harpy (D:15)
  A black mamba (Snake:2)
  An unseen horror (shapeshifter) (Abyss:2)
  2 small abominations
  A bush (Lair:3)
  4 demonic plants (D:4)
  17 fungi
  A lurking horror (Abyss:3)
  58 plants
  3 starspawn tentacles
  7 tentacles (Shoals:1)
  15 withered plants
111 creatures vanquished.

Grand Total: 1590 creatures vanquished

Notes
Turn   | Place    | Note
-------+----------+-------------------------------------------
     0 | D:1      | tardwrangler69 the Minotaur Hunter began the quest for the
                  | Orb.
     0 | D:1      | Reached XP level 1. HP: 18/18 MP: 0/0
   286 | D:1      | Reached XP level 2. HP: 25/25 MP: 1/1
   516 | D:1      | Reached skill level 1 in Long Blades
   967 | D:1      | Found a faded altar of an unknown god.
  1379 | D:2      | Reached XP level 3. HP: 28/31 MP: 2/2
  2227 | D:2      | Found an ornate altar of the Wu Jian Council.
  2576 | D:2      | Reached XP level 4. HP: 38/38 MP: 3/3
  2848 | D:3      | Found a runed translucent gate.
  2848 | D:3      | Found a runed translucent gate.
  2849 | D:3      | Found a runed translucent gate.
  2852 | D:3      | Noticed Ychaviel's ghost (weakling OpHW)
  2852 | D:3      | Noticed Orville's ghost (amateur TrBr)
  2852 | D:3      | Noticed RascalDebosk's ghost (amateur DjCj)
  3026 | D:3      | Found a glowing silver altar of Zin.
  3190 | D:2      | Reached XP level 5. HP: 14/46 MP: 4/4
  4050 | D:4      | Found a radiant altar of Vehumet.
  4100 | D:4      | Found a sparkling altar of Nemelex Xobeh.
  4101 | D:4      | Noticed Ijyb
  4125 | D:4      | Killed Ijyb
  4301 | D:4      | Reached skill level 5 in Long Blades
  4613 | D:4      | Reached XP level 6. HP: 53/55 MP: 5/5
  4649 | D:4      | Reached skill level 5 in Fighting
  5202 | D:4      | Reached XP level 7. HP: 44/62 MP: 6/6
  5368 | D:4      | Found a sacrificial altar of Ru.
  5523 | D:5      | Entered Level 5 of the Dungeon
  5862 | D:5      | Found a staircase to the Ecumenical Temple.
  6174 | Temple   | Entered the Ecumenical Temple
  6451 | D:5      | Noticed Menkaure
  6462 | D:5      | Killed Menkaure
  6895 | D:4      | Reached XP level 8. HP: 63/71 MP: 7/7
  8227 | D:6      | Reached skill level 10 in Long Blades
  9679 | D:7      | Reached XP level 9. HP: 67/82 MP: 8/8
  9763 | D:7      | Found Edasav's Antique Armour Emporium.
 10824 | D:7      | Bought a transparent ring mail for 261 gold pieces
 10824 | D:7      | Identified the +1 ring mail "Oces" {Str+6} (You bought it
                  | in a shop on level 7 of the Dungeon)
 10824 | D:7      | Bought a pair of embroidered gloves for 217 gold pieces
 11220 | D:8      | Noticed a two-headed ogre
 11513 | D:3      | Identified 2 scrolls of acquirement
 11514 | D:3      | Acquired a +2 great sword of electrocution
 11516 | D:3      | Acquired 890 gold pieces
 11548 | D:3      | Killed Orville's ghost
 11550 | D:3      | Killed RascalDebosk's ghost
 11553 | D:3      | Killed Ychaviel's ghost
 11897 | D:8      | Killed a two-headed ogre
 11898 | D:8      | Reached skill level 10 in Fighting
 12037 | D:8      | Reached XP level 10. HP: 70/94 MP: 9/9
 13848 | D:9      | Noticed a two-headed ogre
 13865 | D:9      | Killed a two-headed ogre
 14181 | D:10     | Entered Level 10 of the Dungeon
 14484 | D:10     | Found a transporter.
 14593 | D:10     | Found a transporter.
 14610 | D:10     | Found a transporter.
 14709 | D:10     | Reached XP level 11. HP: 92/111 MP: 10/10
 15018 | D:10     | Found an iron altar of Okawaru.
 15046 | D:10     | Found a transporter.
 15151 | D:10     | Found an ornate altar of the Wu Jian Council.
 15213 | D:10     | Became a worshipper of Warmaster Okawaru
 15247 | D:11     | Noticed a two-headed ogre
 15256 | D:10     | Killed a two-headed ogre
 15347 | D:11     | Identified the ring "Duor" {rN+ Int-5 Dex+3 Stlth+}
 15371 | D:11     | Noticed a boulder beetle
 15382 | D:11     | Killed a boulder beetle
 15382 | D:11     | Reached * piety under Okawaru
 15383 | D:11     | Reached skill level 15 in Fighting
 15905 | D:11     | You fall into a shaft and drop 2 floors!
 15968 | D:13     | Reached skill level 1 in Armour
 16210 | D:13     | Noticed a catoblepas
 16310 | D:13     | Noticed a red ugly thing
 16317 | D:13     | Noticed a rakshasa
 16322 | D:12     | HP: 2/113 [red ugly thing (16)]
 16519 | D:12     | Killed a red ugly thing
 16519 | D:12     | Reached ** piety under Okawaru
 16713 | D:12     | Noticed Kirke
 16719 | D:12     | Noticed a boulder beetle
 17041 | D:11     | Found a staircase to the Lair.
 17115 | Lair:1   | Entered Level 1 of the Lair of Beasts
 17226 | Lair:1   | Found a runed translucent door.
 17229 | Lair:1   | Noticed pdpol's ghost (journeyman SpHu)
 17244 | Lair:1   | Reached *** piety under Okawaru
 17245 | Lair:1   | Reached skill level 15 in Long Blades
 17572 | Lair:1   | Noticed Amaemon
 17580 | Lair:1   | Killed Amaemon
 17580 | Lair:1   | Reached **** piety under Okawaru
 17581 | Lair:1   | Reached skill level 5 in Dodging
 17690 | Lair:1   | Reached skill level 5 in Armour
 17690 | Lair:1   | Reached XP level 12. HP: 121/121 MP: 11/11
 18900 | Lair:2   | Reached ***** piety under Okawaru
 19328 | Lair:2   | Received a gift from Okawaru
 19443 | Lair:2   | Found a staircase to the Shoals.
 19741 | Lair:2   | Reached skill level 1 in Invocations
 21020 | Lair:3   | Noticed Gastronok
 21033 | Lair:3   | Killed Gastronok
 21033 | Lair:3   | Received a gift from Okawaru
 21033 | Lair:3   | Received a gift from Okawaru
 21034 | Lair:3   | Reached XP level 13. HP: 66/127 MP: 14/14
 21424 | Lair:3   | Found the necklace of Bloodlust {*Rage Will++ Int-3 Slay+6}
 21527 | Lair:3   | Found a staircase to the Snake Pit.
 21554 | Lair:3   | Lost intelligence.
 22084 | Lair:3   | Identified the +4 double sword of Okawaru, Telling {vorpal,
                  | rElec Str+3 Stlth+} (Okawaru gifted it to you on level 3 of
                  | the Lair of Beasts)
 22084 | Lair:3   | Received a gift from Okawaru
 22131 | Lair:4   | Found a viscous altar of Jiyva.
 22131 | Lair:4   | Found a staircase to the Slime Pits.
 23267 | Lair:5   | Entered Level 5 of the Lair of Beasts
 23456 | Lair:5   | Reached skill level 5 in Invocations
 23845 | Lair:5   | Noticed a dire elephant
 23846 | Lair:5   | Noticed a dire elephant
 23846 | Lair:5   | Noticed a dire elephant
 23855 | Lair:5   | Killed a dire elephant
 23855 | Lair:5   | Identified the +0 hat "Xuwum" {rF++ rC- Int+7} (Okawaru
                  | gifted it to you on level 5 of the Lair of Beasts)
 23855 | Lair:5   | Received a gift from Okawaru
 23862 | Lair:5   | Reached ****** piety under Okawaru
 25191 | Lair:5   | Noticed a dire elephant
 25199 | Lair:5   | Killed a dire elephant
 25441 | Lair:5   | Killed a dire elephant
 25442 | Lair:5   | Reached XP level 14. HP: 123/135 MP: 18/18
 25612 | Lair:5   | Identified the +0 plate armour "Tubleh" {rElec Str+3}
 26306 | D:11     | Killed Kirke
 26306 | D:11     | Identified the +0 pair of boots of Dogmatism {Will- MP+9
                  | Slay+6 Stlth+} (Okawaru gifted it to you on level 11 of the
                  | Dungeon)
 26306 | D:11     | Received a gift from Okawaru
 26427 | D:12     | Reached skill level 10 in Armour
 27114 | D:12     | Found a staircase to the Orcish Mines.
 27470 | Orc:1    | Entered Level 1 of the Orcish Mines
 28035 | Orc:1    | Noticed Urug
 28042 | Orc:1    | Killed Urug
 28199 | Orc:2    | Entered Level 2 of the Orcish Mines
 28333 | Orc:2    | Found Cymnah's General Store.
 28344 | Orc:2    | Found Ystrugg's Magic Scroll Shoppe.
 28588 | Orc:2    | Reached skill level 10 in Dodging
 28882 | Orc:2    | Identified the +10 plate armour of Defence {rPois} (Okawaru
                  | gifted it to you on level 2 of the Orcish Mines)
 28882 | Orc:2    | Received a gift from Okawaru
 29556 | Orc:2    | Found a staircase to the Elven Halls.
 30085 | Orc:2    | Found Velangis's Jewellery Shop.
 30085 | Orc:2    | Found Hari Yju's Antique Weapon Boutique.
 30086 | Orc:2    | Found a one-way gate leading to the halls of Pandemonium.
 30091 | Orc:2    | Reached skill level 10 in Invocations
 30141 | Orc:2    | Bought a scroll of identify for 22 gold pieces
 30141 | Orc:2    | Bought a scroll of identify for 22 gold pieces
 30141 | Orc:2    | Bought a scroll of identify for 22 gold pieces
 30141 | Orc:2    | Bought a scroll of identify for 22 gold pieces
 30219 | Orc:1    | Noticed Josephine
 30228 | Orc:1    | Killed Josephine
 30229 | Orc:1    | Reached XP level 15. HP: 102/141 MP: 21/21
 30800 | D:13     | Found Hexu Gyo's Antique Weapon Emporium.
 30947 | D:13     | Reached skill level 5 in Ranged Weapons
 31351 | D:14     | Received a gift from Okawaru
 31411 | D:14     | Found a gate to the Vaults.
 31539 | D:14     | Found a shimmering blue altar of Sif Muna.
 31702 | D:14     | Identified the +0 crystal plate armour of Ochyps {Contam
                  | rElec Int+7} (Okawaru gifted it to you on level 14 of the
                  | Dungeon)
 31702 | D:14     | Received a gift from Okawaru
 32327 | D:15     | Entered Level 15 of the Dungeon
 32424 | D:15     | Noticed Nessos
 32439 | Arena    | Entered the Arena
 32444 | Arena    | Killed Nessos
 32976 | D:15     | Found a glowing silver altar of Zin.
 33335 | D:15     | Found a runed translucent door.
 33687 | D:15     | Found a staircase to the Depths.
 34968 | D:15     | Reached skill level 10 in Ranged Weapons
 34968 | D:15     | Reached XP level 16. HP: 149/149 MP: 19/22
 35020 | D:15     | Identified the +0 ring mail of Crawling {rC++ Str-4}
 35302 | Snake:1  | Entered Level 1 of the Snake Pit
 35623 | Snake:1  | Identified the +10 flail "Bowam" {vamp, Will+ Str+2 Dex-4}
 35799 | Snake:1  | Received a gift from Okawaru
 36093 | Snake:1  | Found a transporter.
 36659 | Snake:1  | Found Weaxt's Book Shoppe.
 36854 | Snake:1  | Found a transporter.
 37774 | Snake:2  | Identified the +0 pair of gloves of Omission {rN+++ rCorr
                  | Dex+5 Slay-3} (Okawaru gifted it to you on level 2 of the
                  | Snake Pit)
 37774 | Snake:2  | Received a gift from Okawaru
 37783 | Snake:2  | Noticed Nikola
 37830 | Snake:2  | Noticed Louise
 38289 | Snake:2  | Killed Nikola
 38399 | Snake:2  | Killed Louise
 38738 | Snake:2  | Noticed Vashnia
 38786 | Snake:2  | Killed Vashnia
 40017 | Snake:3  | Reached skill level 15 in Armour
 40027 | Snake:3  | Identified the +5 plate armour of Limited Liability {Dex+5}
                  | (Okawaru gifted it to you on level 3 of the Snake Pit)
 40027 | Snake:3  | Received a gift from Okawaru
 40092 | Snake:3  | Reached XP level 17. HP: 156/156 MP: 23/23
 40699 | Snake:4  | Entered Level 4 of the Snake Pit
 41654 | Arena    | Entered the Arena
 42330 | Snake:4  | Reached skill level 15 in Ranged Weapons
 42363 | Snake:4  | Noticed Bai Suzhen
 42369 | Snake:4  | Identified the +3 kite shield of Truth {rCorr Slay+2}
                  | (Okawaru gifted it to you on level 4 of the Snake Pit)
 42369 | Snake:4  | Received a gift from Okawaru
 42378 | Snake:4  | Killed Bai Suzhen
 42781 | Snake:4  | Reached skill level 15 in Dodging
 43735 | Snake:4  | Got a serpentine rune of Zot
 43898 | Shoals:1 | Entered Level 1 of the Shoals
 43904 | Shoals:1 | Noticed Donald
 43921 | Shoals:1 | Killed Donald
 44014 | Shoals:1 | Noticed a kraken
 44032 | Shoals:1 | Killed a kraken
 44440 | Shoals:1 | Reached XP level 18. HP: 166/166 MP: 24/24
 44803 | Shoals:1 | Identified the +0 plate armour "Unoagicw" {Rampage Will+
                  | Dex+3} (Okawaru gifted it to you on level 1 of the Shoals)
 44803 | Shoals:1 | Received a gift from Okawaru
 45181 | Shoals:1 | Found Joybih's Self-Improvement Boutique.
 45189 | Shoals:1 | Bought a manual of Ranged Weapons for 960 gold pieces
 45335 | Shoals:2 | Noticed Ilsuiw
 45346 | Arena    | Entered the Arena
 45364 | Arena    | Entered the Arena
 45370 | Arena    | Killed Ilsuiw
 45681 | Shoals:2 | Acquired 833 gold pieces
 46085 | Shoals:2 | Identified Roxanne's Compendium of the Geologist
 46085 | Shoals:2 | Noticed Roxanne
 46235 | Shoals:2 | Noticed Jorgrun
 46255 | Shoals:2 | Killed Jorgrun
 46423 | Shoals:2 | Identified the +5 sling "Gizel" {venom, rPois}
 46814 | Shoals:3 | Found Kupnium's Antique Armour Shop.
 46814 | Shoals:3 | Found Ehimoe's Mass Market.
 46852 | Shoals:3 | Bought the +1 cloak of Starlight {*Dazzle EV+4 Stlth--} for
                  | 884 gold pieces
 46852 | Shoals:3 | Found the +1 cloak of Starlight {*Dazzle EV+4 Stlth--}
 47057 | Shoals:3 | Found a runed translucent gate.
 47059 | Shoals:3 | Found a runed translucent gate.
 47060 | Shoals:3 | Found a runed translucent gate.
 47064 | Shoals:3 | Noticed Godmorgon's ghost (adept TeAE)
 48159 | Shoals:3 | Found Boidosor's Gadget Gallery.
 48792 | Shoals:4 | Entered Level 4 of the Shoals
 49369 | Shoals:4 | Found Jusuadafi's Magic Scroll Emporium.
 49406 | Shoals:4 | Identified the +7 scale mail "Tusch" {Will+ Dex+5} (Okawaru
                  | gifted it to you on level 4 of the Shoals)
 49406 | Shoals:4 | Received a gift from Okawaru
 49468 | Shoals:4 | Found the +7 captain's cutlass {speed, disarm}
 49879 | Shoals:4 | Got a barnacled rune of Zot
 50033 | Shoals:4 | Found the dreamshard necklace {*Dream Drain}
 50377 | Vaults:1 | Entered Level 1 of the Vaults
 50393 | Vaults:1 | Reached skill level 1 in Short Blades
 50447 | Vaults:1 | Acquired a manual of Long Blades
 50691 | Vaults:1 | Reached XP level 19. HP: 148/181 MP: 25/25
 50879 | Vaults:1 | Found Hootwesa's Armour Boutique.
 51201 | Vaults:1 | Reached skill level 5 in Short Blades
 51233 | Vaults:1 | Found Taileoc's Assorted Antiques.
 51241 | Vaults:1 | Bought a potion of heal wounds for 155 gold pieces
 51241 | Vaults:1 | Bought a scroll of teleportation for 93 gold pieces
 51241 | Vaults:1 | Bought a potion of curing for 93 gold pieces
 51241 | Vaults:1 | Bought a fizzy silvery potion for 27 gold pieces
 51502 | Vaults:1 | Received a gift from Okawaru
 51801 | Vaults:1 | Found Eriv's Armour Emporium.
 52975 | Arena    | Entered the Arena
 52975 | Arena    | HP: 8/187 [jiangshi (15)]
 53312 | Vaults:2 | Found a staircase to the Crypt.
 53317 | Vaults:2 | Found a transporter.
 53328 | Vaults:2 | Found a transporter.
 53372 | Vaults:2 | Found Eggoyrun's Distillery.
 53442 | Vaults:2 | Bought a potion of heal wounds for 80 gold pieces
 53442 | Vaults:2 | Bought a potion of curing for 48 gold pieces
 53442 | Vaults:2 | Bought a potion of heal wounds for 80 gold pieces
 54187 | Vaults:2 | Paralysed by a great orb of eyes for 4 turns
 54194 | Vaults:2 | Paralysed by a great orb of eyes for 2 turns
 54703 | Vaults:3 | Received a gift from Okawaru
 54882 | Vaults:3 | Reached XP level 20. HP: 174/200 MP: 26/26
 56135 | Vaults:3 | Identified the +0 pair of gloves of Shadows and Fog {Int+2}
                  | (Okawaru gifted it to you on level 3 of the Vaults)
 56135 | Vaults:3 | Received a gift from Okawaru
 58442 | Vaults:4 | Identified the +5 trident "Justrare" {protect, *Corrode
                  | rElec rC+ Will+++ Stlth-}
 58449 | Abyss:2  | Cast into level 2 of the Abyss (a wizard)
 58602 | Arena    | Entered the Arena
 58877 | Abyss:3  | Received a gift from Okawaru
 59355 | Vaults:4 | Escaped the Abyss
 59358 | Arena    | Entered the Arena
 59431 | Vaults:4 | Noticed Zenata
 59443 | Vaults:4 | HP: 6/206 [Zenata/a resonance strike (33)]
 60524 | Vaults:4 | Killed Zenata
 60525 | Vaults:4 | Reached XP level 21. HP: 207/214 MP: 27/27
 60813 | Vaults:4 | Received a gift from Okawaru
 61576 | Orc:2    | Bought a ring of willpower for 375 gold pieces
 61837 | Vaults:5 | Entered Level 5 of the Vaults
 61892 | Arena    | Entered the Arena
 61916 | Vaults:5 | Noticed a dread lich
 61923 | Vaults:5 | Killed a dread lich
 61969 | Vaults:5 | HP: 8/216 [hell knight/+2 demon trident (18)]
 61973 | Vaults:5 | Identified the +0 robe of Bitterness {rN+ Stlth+} (Okawaru
                  | gifted it to you on level 5 of the Vaults)
 61973 | Vaults:5 | Received a gift from Okawaru
 61977 | Vaults:5 | Noticed a golden dragon
 61978 | Vaults:5 | Killed from afar by a hell knight

Illustrated notes

Levels and vault maps discovered:
D:1:      dpeg_arrival_three_bigger_balls, layout_loops_ring,
          hellmonk_ecumenical_altar_zigzags, minmay_tromino_v7
D:2:      layout_basic, basic_altar
D:3:      layout_basic, mainiacjoe_overflow_six_doors_small,
          gammafunk_ghost_cemetery
D:4:      layout_gridville, mainiacjoe_overflow_alcove_2, lemuel_tele_altar,
          lemuel_doored_altar, serial_demonic, serial_demonic_g,
          serial_demonic_f, serial_demonic_c, serial_demonic_a,
          serial_demonic_a, minmay_misc_feat_rugged, uniq_ijyb
D:5:      layout_layer_cave, minmay_temple_entry_statues_fountains,
          minivault_27, uniq_menkaure
D:6:      layout_cave_pods
D:7:      layout_basic, serial_shops, shop
D:8:      kennysheep_housing_project, layout_basic
D:9:      layout_long_grid
D:10:     layout_roguey, nzn_wu_jian_contemplation, mainiacjoe_overflow_catwalk,
          nicolae_diode_intersection
D:11:     layout_rooms, erik_lair_dragon, serial_curves, eino_curves_04,
          eino_curves_03, eino_curves_04
D:12:     layout_cave_pools, hiddenorc2_lemuel, portal_ice_cave_demonic_guard,
          hangedman_decor_push, uniq_kirke
D:13:     layout_basic, serial_shops, shop
D:14:     layout_roguey, erik_vaults_2, nicolae_sif_muna_condensation,
          serial_corexii_hall, corexii_hall_statues_i, corexii_hall_statues_s,
          nicolae_water_bricks
D:15:     grunt_enter_depths_snipers, layout_basic, serial_park_paths
          [serial_park_minivault_5x5_4], minmay_crystal_box, uniq_nessos
Temple:   compressed_dpeg_triangle_lava_temple
Lair:1:   layout_long_grid, gammafunk_ghost_grave,
          grunt_forest_small_clearing_treed, grunt_megastairs_2, uniq_amaemon
Lair:2:   layout_cave_pods, elwin_shoals_entry_rooms, grunt_megastairs_5,
          lemuel_fruit_fields, infiniplex_staircase_pool_2
Lair:3:   layout_regular_city, guppyfry_snake_entry_island,
          chequers_serial_rivers_large_b, lemuel_fruit_tree, uniq_gastronok
Lair:4:   layout_small_grid, nicolae_slime_entry_slimehenge,
          nicolae_lair_grove_arrangements
Lair:5:   due_jungle_book, layout_regular_city, minivault_25,
          grunt_forest_large_clearing_hut
Shoals:1: layout_shoals, nicolae_shop_self_help, uniq_donald
Shoals:2: layout_shoals, uniq_roxanne, uniq_ilsuiw, uniq_jorgrun
Shoals:3: layout_shoals, gammafunk_ghost_necromancy, minmay_shop_mass,
          nicolae_stop_n_shop_2, nicolae_shop_gadgets
Shoals:4: shoals_end_hangedman, layout_shoals, serial_shops, shop,
          nicolae_shoals_water_booths
Snake:1:  gammafunk_the_bubble [the_bubble_gammafunk_grid], layout_layer_cave,
          serial_shops, shop, nicolae_snake_gridmaze_big_u
Snake:2:  layout_rooms, uniq_louise, uniq_vashnia, uniq_nikola
Snake:3:  layout_misc_corridors, nicolae_snake_salamander_fort
Snake:4:  grunt_snake_rune_spirals, layout_onion_interference,
          serial_bayou_shore_a, uniq_bai_suzhen
Orc:1:    layout_caves, david_defended_altar_orc, uniq_josephine, uniq_urug
Orc:2:    pf_orc_diabolical, layout_caves, mines4_lemuel
Vaults:1: nicolae_vaults_network_star, vaults_dpeg_spiral,
          nicolae_vaults_network_s, st_smaller_cells,
          ontoclasm_vaults_ring_large, vaults_room_corners, v_misc_18,
          vaults_standard_mumra_lines, v_misc_3, layout_vaults_big_room,
          serial_shops, nicolae_shop_behind_doors, nicolae_shop_trees,
          nicolae_shop_statue_plus
Vaults:2: nicolae_vaults_ninety_degrees, hangedman_vaults_stagger,
          minmay_crypt_entry_simple_box, nicolae_vaults_twisting_passages,
          ontoclasm_vaults_fault, nicolae_vaults_network_quinsquares
          [nicolae_vaults_network_quincunx_subvault,
          nicolae_vaults_network_quincunx_subvault,
          nicolae_vaults_network_quincunx_subvault,
          nicolae_vaults_network_quincunx_subvault], gammafunk_sealed_arena,
          v_misc_17, nicolae_vaults_little_squares_1,
          nicolae_vaults_little_squares_3, nicolae_vaults_little_squares_3,
          layout_vaults_omnicross, serial_shops, shop
Vaults:3: v_misc_17, vaults_mumra_hex, ontoclasm_vaults_hangar,
          hangedman_vaults_capsules, nicolae_vaults_three_branches,
          ontoclasm_vaults_chip, nicolae_vaults_little_squares_6,
          nicolae_vaults_asterisk, v_rooms_5, layout_vaults_omnigrid
Vaults:4: v_pattern_1, vaults_dpeg_cross, hangedman_vaults_nodes, v_rooms_3,
          nicolae_vaults_fighting_squares,
          nicolae_vaults_windows_and_doors_thing, ontoclasm_vaults_hangar,
          v_alt_pattern_6, nicolae_vaults_stairing_the_circle,
          vaults_room_semicircle, grunt_vaults_hallway_short,
          grunt_vaults_focal, layout_vaults_maze, uniq_zenata
Vaults:5: serial_shops

Skill      XL: |  1  2  3  4  5  6  7  8  9 10 11 12 13 14 15 16 17 18 19 20 |
---------------+-------------------------------------------------------------+-----
Long Blades    | 1 3 4 5 6 8 11 13 14 15 17 18 20 24 | 24.7
Fighting       | 3 4 5 6 8 10 14 15 18 22 24 | 24.9
Armour         | 5 7 9 11 13 15 16 | 16.3
Dodging        | 5 7 9 10 12 14 15 | 15.1
Invocations    | 3 7 10 | 10.0
Ranged Weapons | 10 13 16 20 | 20.0
Short Blades   | 2 7 |  7.2
Stealth        | |  0.7

Action                   |  1- 3 |  4- 6 |  7- 9 | 10-12 | 13-15 | 16-18 | 19-21 || total
-------------------------+-------+-------+-------+-------+-------+-------+-------++-------
Melee: Long sword        |    47 |   130 |   297 |       |       |       |       ||   474
       Headbutt          |     9 |    18 |    64 |    90 |   167 |   288 |   375 ||  1011
       Punch             |       |       |     5 |       |    18 |    14 |     1 ||    38
       Great sword       |       |       |    19 |   422 |    16 |   256 |  1034 ||  1747
       Double sword      |       |       |       |       |   731 |   797 |    38 ||  1566
       War axe           |       |       |       |       |    11 |       |       ||    11
       Cutlass           |       |       |       |       |       |    41 |    13 ||    54
       Triple sword      |       |       |       |       |       |       |    76 ||    76
 Fire: Shortbow          |    41 |     7 |     1 |     9 |       |       |       ||    58
       Arbalest          |       |       |       |       |       |    11 |     6 ||    17
Invok: Heroism           |       |       |       |     2 |     8 |     9 |     7 ||    26
       Finesse           |       |       |       |       |     2 |     5 |     6 ||    13
       Duel              |       |       |       |       |     1 |     3 |     4 ||     8
Evoke: Wand              |       |       |     4 |     4 |     2 |     5 |     1 ||    16
  Use: Potion            |       |     3 |     2 |     5 |     2 |    13 |    28 ||    53
       Scroll            |       |       |     9 |     2 |    12 |    11 |    17 ||    51
 Stab: Sleeping          |       |     3 |       |     9 |     8 |    19 |       ||    39
       Distracted        |       |       |       |       |     1 |     7 |       ||     8
       Invisible         |       |       |       |       |       |    21 |    34 ||    55
Armor: Leather armour    |    12 |    14 |       |       |       |       |       ||    26
       Chain mail        |       |       |    99 |       |       |       |       ||    99
       Skin              |       |       |     4 |       |       |       |       ||     4
       Ring mail         |       |       |    18 |   108 |   112 |       |       ||   238
       Plate armour      |       |       |       |       |   175 |   121 |   454 ||   750
       Acid dragon scale |       |       |       |       |       |   178 |       ||   178
       Scale mail        |       |       |       |       |       |       |    18 ||    18
Dodge: Dodged            |    74 |   134 |   210 |   336 |   574 |  1152 |  1021 ||  3501
Block: Other             |       |       |       |       |     1 |    85 |    88 ||   174
       Kite shield       |       |       |       |       |       |     3 |       ||     3
       Reflection        |       |       |       |       |       |    12 |     3 ||    15
